 Dungeon Crawl Stone Soup version 0.26.1-11-gd32895ea62 (webtiles) character file.

Game seed: 18221044306014423672

91 boopmooplesden the Chopper (level 4, 0/38 HPs)
             Began as a Minotaur Gladiator on July 4, 2021.
             Slain by a goblin
             ... wielding a +0 club
             ... led by Robin
              (7 damage)
             ... on level 2 of the Dungeon.
             The game lasted 00:02:41 (2029 turns).

boopmooplesden the Chopper (Minotaur Gladiator)     Turns: 2029, Time: 00:02:42

Health: 0/38       AC:  8    Str: 20    XL:     4   Next: 34%
Magic:  3/3        EV:  9    Int:  5    God:
Gold:   94         SH:  0    Dex: 11    Spells: 3/3 levels left

rFire    . . .     SeeInvis .   a - +0 war axe
rCold    . . .     Faith    .   (no shield)
rNeg     . . .     Spirit   .   l - +0 chain mail
rPois    .         Reflect  .   c - +0 hat
rElec    .         Harm     .   g - scarf {+Inv}
rCorr    .         Rampage  .   (no gloves)
Will     .....                  (no boots)
Stlth    ..........             (no amulet)
HPRegen  0.12/turn              (no ring)
MPRegen  0.08/turn              (no ring)

@: no status effects
A: retaliatory headbutt, horns 2
a: Evoke Invisibility


You were on level 2 of the Dungeon.
You visited 1 branch of the dungeon, and saw 2 of its levels.

You collected 94 gold pieces.

Inventory:

Hand Weapons
 a - a +0 war axe (weapon)
Missiles
 d - 2 throwing nets (quivered)
Armour
 c - a +0 hat (worn)
 e - a +0 cloak
 g - a scarf of invisibility (worn)
 k - a +0 tower shield
 l - a +0 chain mail (worn)
Jewellery
 j - an uncursed amulet of regeneration {unknown}
Scrolls
 f - 3 scrolls of remove curse {unknown}
 h - a scroll of enchant weapon {unknown}
 i - 3 scrolls of magic mapping {unknown}
 m - a scroll of fog {unknown}
 n - 2 scrolls of identify {unknown}
 o - a scroll of enchant armour {unknown}
 p - a scroll of teleportation {unknown}
 r - a scroll of random uselessness {unknown}
Potions
 b - a potion of curing {unknown}
 q - 2 potions of attraction {unknown}


   Skills:
 + Level 3.2 Fighting
 + Level 5.0 Axes
 + Level 2.0 Throwing
 + Level 1.4 Armour
 + Level 3.9 Dodging
 + Level 0.1 Stealth


You had 3 spell levels left.
You didn't know any spells.
Your spell library was empty.

Dungeon Overview and Level Annotations

Branches:
Dungeon (2/15)

Altars:
Cheibriados

Annotations:
D:2 Robin


Innate Abilities, Weirdness & Mutations

You reflexively headbutt those who attack you in melee.
You have a pair of horns on your head.


Message History

You kill the hobgoblin!
Robin hits you but does no damage.
Your Axes skill increases to level 5!
You barely miss the goblin.
You headbutt the goblin, but do no damage.
The goblin is heavily wounded.
The goblin hits you but does no damage. Robin hits you but does no damage.
Your chain mail prevents you from hitting the goblin.
The goblin is heavily wounded.
The goblin hits you but does no damage. Robin throws the goblin at you!
* * * LOW HITPOINT WARNING * * *
The goblin hits you with a +0 dagger.
* * * LOW HITPOINT WARNING * * *
You closely miss the goblin. Your headbutt misses the goblin.
The goblin is heavily wounded.
You hit the goblin.
You kill the goblin!
Robin says, "Kneel, worm!"
Robin throws the goblin at you! The goblin hits you with a +0 club!
You die... ...#.#.##.#.#..# #.##.#.##.#.#..####### #...[..... .....#.##.#.#........# #......g.g ..####.##.#.#.######.# #.......g .......##.#.#. #.# ...g... #.###### .#.#. #.# ..ggg ..#######.#.#. #.# .gg

..........#.#.######.# #)#
###########.#..g@g##.######.#
#.#####)##..g.g...##### #.#
#.g.....g.<...... #.#
################# #.#
###########.# ......>.....#
#############


You could see Robin and 2 goblins.

Vanquished Creatures
  4 gnolls (D:2)
  3 worms (D:2)
  3 dart slugs
  2 leopard geckos (D:1)
  2 giant cockroaches (D:1)
  7 goblins
  5 hobgoblins
  4 bats
  3 frilled lizards (D:1)
  3 kobolds (D:1)
  3 rats
39 creatures vanquished.

Notes
Turn   | Place    | Note
-------+----------+-------------------------------------------
     0 | D:1      | boopmooplesden the Minotaur Gladiator began the quest for
                  | the Orb.
     0 | D:1      | Reached XP level 1. HP: 18/18 MP: 0/0
   186 | D:1      | Reached skill level 4 in Axes
   186 | D:1      | Reached XP level 2. HP: 22/25 MP: 1/1
   827 | D:1      | Reached XP level 3. HP: 30/30 MP: 2/2
  1289 | D:2      | Found a snail-covered altar of Cheibriados.
  1991 | D:2      | Noticed Robin
  1995 | D:2      | Reached skill level 1 in Armour
  2017 | D:2      | Reached XP level 4. HP: 13/38 MP: 3/3
  2027 | D:2      | Reached skill level 5 in Axes
  2029 | D:2      | Slain by a goblin

Illustrated notes

Levels and vault maps discovered:
D:1:      wheals_arrival_linesprint, layout_loops_ring, st_stairs_1,
          roderic_lattice_a
D:2:      layout_basic, nicolae_overflow_crystal_walls, uniq_robin

Skill      XL: |  1  2  3  4 |
---------------+-------------+-----
Axes           | 4 5 |  5.0
Armour         | 1 |  1.4
Fighting       | 3 |  3.2
Throwing       | |  2.0
Dodging        | |  3.9
Stealth        | |  0.1

Action                   |  1- 3 |  4- 6 || total
-------------------------+-------+-------++-------
Melee: War axe           |    70 |    10 ||    80
       Headbutt          |    11 |     2 ||    13
Throw: Throwing net      |       |     1 ||     1
 Stab: Held in net/web   |       |     1 ||     1
Armor: Leather armour    |    12 |       ||    12
       Chain mail        |    15 |     5 ||    20
Dodge: Dodged            |    40 |     2 ||    42
